 Dungeon Crawl Stone Soup version 0.23-a0-175-g97aacdb (webtiles) character file.

12 grindst0ne the Shooter (level 2, -2/24 HPs)
             Began as a Centaur Hunter on Sept 17, 2018.
             Killed from afar by a white imp (10 damage)
             ... with a puff of frost
             ... summoned by Natasha
             ... on level 2 of the Dungeon.
             The game lasted 00:01:16 (1006 turns).

grindst0ne the Shooter (Centaur Hunter)             Turns: 1006, Time: 00:01:17

Health: -2/24      AC:  4    Str: 14    XL:     2   Next: 20%
Magic:  2/2        EV:  9    Int: 10    God:
Gold:   50         SH:  0    Dex:  9    Spells: 1/1 levels left

rFire    . . .     SeeInvis .   a - +1 shortbow
rCold    . . .     Gourm    .   (shield currently unavailable)
rNeg     . . .     Faith    .   c - +0 leather armour
rPois    .         Spirit   .   (no helmet)
rElec    .         Reflect  .   (no cloak)
rCorr    .         Harm     .   (no gloves)
MR       .....                  (no barding)
Stlth    +.........             (no amulet)
HPRegen  0.08/turn              (no ring)
MPRegen  0.08/turn              (no ring)

@: slowed
A: large, hooves 3, deformed body, speed 2, tough skin 3
a: no special abilities


You were on level 2 of the Dungeon.
You were not hungry.

You visited 1 branch of the dungeon, and saw 2 of its levels.

You collected 50 gold pieces.

Inventory:

Hand Weapons
 a - a +1 shortbow (weapon)
 b - a +0 short sword
Missiles
 d - 9 arrows (quivered)
Armour
 c - a +0 leather armour (worn)
Scrolls
 g - a scroll of teleportation {unknown}
 h - a scroll of identify {unknown}
 j - a scroll of immolation {unknown}
 m - 3 scrolls of remove curse {unknown}
 n - a scroll of enchant weapon {unknown}
 p - a scroll of fear {unknown}
 q - a scroll of noise {unknown}
Potions
 e - a potion of might {unknown}
 i - a potion of haste {unknown}
 k - 3 potions of resistance {unknown}
 o - a potion of invisibility {unknown}
Comestibles
 f - 2 rations
 l - a chunk of flesh


   Skills:
 - Level 2.0 Fighting
 + Level 6.1 Bows
 - Level 1.3 Dodging
 - Level 0.4 Stealth


You had one spell level left.
You didn't know any spells.
Your spell library was empty.

Dungeon Overview and Level Annotations

Branches:
Dungeon (2/15)

Altars:

Annotations:
D:2 Natasha


Innate Abilities, Weirdness & Mutations

You have hooves in place of feet.
Armour fits poorly on your strangely shaped body.
You cover ground very quickly.
You have extremely tough skin. (AC +3)


Message History

Press: ? - help, Shift-Dir - straight line, f/p - Natasha
Aim: Natasha (severely wounded)
You shoot an arrow. The arrow hits Natasha.
Natasha is severely wounded.
Natasha extends her claws.
Natasha mumbles some strange words.
Natasha's front paws start to glow.
Natasha claws you. Natasha casts a spell at you. The magic dart hits you!
Natasha casts a spell.
Firing (i - inventory)
d - 10 arrows (quivered)
Press: ? - help, Shift-Dir - straight line, f/p - Natasha
Aim: Natasha (severely wounded)
You shoot an arrow. The arrow hits the white imp.
The white imp is moderately wounded.
The white imp hits you but does no damage.
The white imp gestures at you. The puff of frost hits you!
You die...

#.# #.# #.# #.#
########.# #.#
.........# #.#
.........# #.#
.........# #(#
........<# #.#
......<.#####.#
........@.5h.[#
...#+##########
..


You could see Natasha and a white imp.

Vanquished Creatures
  A giant cockroach (D:1)
  2 goblins (D:1)
  3 hobgoblins (D:1)
  2 bats (D:1)
  2 frilled lizards (D:1)
  2 kobolds (D:1)
  A rat (D:1)
13 creatures vanquished.

Notes
Turn   | Place    | Note
-------+----------+-------------------------------------------
     0 | D:1      | grindst0ne the Centaur Hunter began the quest for the Orb.
     0 | D:1      | Reached XP level 1. HP: 17/17 MP: 1/1
   595 | D:1      | Reached skill level 6 in Bows
   595 | D:1      | Reached XP level 2. HP: 17/24 MP: 2/2
   969 | D:2      | Noticed Natasha
  1006 | D:2      | Killed from afar by a white imp

Vault maps used:
D:1:      minmay_arrival_wavy_path
D:2:      grunt_temple_overflow_open, uniq_terence, uniq_natasha, uniq_jessica

Skill      XL: |  1 |
---------------+----+-----
Bows           | 6 |  6.1
Fighting       | |  2.0
Dodging        | |  1.3
Stealth        | |  0.4

Action                   || total
-------------------------++-------
Melee: Short sword       ||    36
       Kick              ||     4
 Fire: Shortbow          ||    11
Armor: Leather armour    ||    14
Dodge: Dodged            ||    14

Table legend:
 A = Non-vault XP
 B = Vault XP
 C = Vault XP percentage of total XP
 D = Non-vault monster count
 E = Vault monster count
 F = Vault count percentage of total count
                 A         B        C        D         E       F
            +---------+---------+-------+---------+---------+-------
      Total |      18 |       0 |   0.0 |      13 |       0 |   0.0
            +---------+---------+-------+---------+---------+-------
        D:1 |      18 |       0 |   0.0 |      13 |       0 |   0.0
            +---------+---------+-------+---------+---------+-------
